 Dungeon Crawl Stone Soup version 0.28-a0-2-g643f2454ad (webtiles) character file.

Game seed: 16518584185291651141

0 Spectrina the Sneak (level 1, -1/20 HPs)
             Began as a Djinni Delver on July 23, 2021.
             Frozen to death by an endoplasm (7 damage)
             ... on level 4 of the Dungeon.
             The game lasted 00:02:10 (170 turns).

Spectrina the Sneak (Djinni Delver)                  Turns: 170, Time: 00:02:11

Health: -1/20      AC:  3    Str: 11    XL:     1   Next: 11%
Gold:   26         EV: 12    Int: 11    God:
                   SH:  0    Dex: 14

rFire   + + .      SeeInvis .     - Unarmed
rCold   x . .      Faith    .   (no shield)
rNeg    . . .      Spirit   .   a - +0 leather armour
rPois   ∞          Reflect  .   (no helmet)
rElec   .          Harm     .   (no cloak)
rCorr   .          Rampage  .   (no gloves)
Will    .....                   (boots unavailable)
Stlth   ++........              (no amulet)
HPRegen 0.06/turn               (no ring)
MPRegen 0.00/turn               (no ring)

@: flying
A: sickness immunity, fire resistance 2, cold vulnerability 1, float, innate
caster, hp casting, extra vitality 1
a: no special abilities


You were on level 4 of the Dungeon.
You visited 1 branch of the dungeon, and saw 2 of its levels.

You collected 26 gold pieces.

Inventory:

Armour
 a - a +0 leather armour (worn)
Wands
 f - a wand of digging (3)
Scrolls
 b - a scroll of fog
 c - a scroll of magic mapping
 e - a scroll of teleportation {unknown}


   Skills:
 - Level 3.0 Fighting
 - Level 2.1 Dodging
 - Level 4.1 Stealth
 - Level 2.0 Unarmed Combat
 + Level 0.1 Spellcasting


You couldn't memorise any spells.
You didn't know any spells.
Your spell library was empty.

Dungeon Overview and Level Annotations

Branches:
Dungeon (5/15)
 Temple: D:4-7

Altars:

Shops:
D:4 !


Innate Abilities, Weirdness & Mutations

You are immune to sickness and miasma.
You are immune to poison.
Your flesh is very heat resistant. (rF++)
You are vulnerable to cold. (rC-)
You float through the air rather than walking.
You learn spells naturally, not from books.
Your magical power is your life essence.
You have superior vitality. (+4 HP)


Message History

The water moccasin skeleton bites you!
* * * LOW HITPOINT WARNING * * *
You hit the ball python.
You kill the ball python!
The water moccasin skeleton closely misses you.
Unknown command.
You see here a ball python corpse.
The water moccasin skeleton bites you.
* * * LOW HITPOINT WARNING * * *
Press: ? - help, v - describe, . - travel
Here: a scorpion The floor.
You feel yourself speed up. The scorpion closely misses you.
Unknown command.
Found a scroll labelled OCVYSO FIMU.
You see here a scroll labelled OCVYSO FIMU.
e - a scroll labelled OCVYSO FIMU Your extra speed is starting to run out.
You feel yourself slow down.
There is an open door here.
There's a creature in the doorway!
As you read the scroll of fear, it crumbles to dust.
You assume a fearsome visage.
The scorpion looks frightened!
You reach down and close the door.
You see here a ball python corpse.
An endoplasm comes into view.
The endoplasm quivers.
You reach down and open the door.
Found 14 gold pieces.
There is an open door here.
Unknown command.
You reach down and close the door.
Found a stone staircase leading up.
You see here 14 gold pieces.
You now have 26 gold pieces (gained 14).
You hit the endoplasm.
The endoplasm is heavily wounded.
The endoplasm freezes you.
You are frozen!
You feel a terrible chill!
You die...

##. .....#.#
....<#.# ##
.....#.# .#
...#.# ..##
####.#.##...#
#..@J.......#
#.......##..#
+.......+J..#
#.......#.#.#
#.......#.#
...........#.#
............#.#
............#.#
###....#######.#


You could see an endoplasm.

Vanquished Creatures
  A ball python (D:4)
1 creature vanquished.

Notes
Turn   | Place    | Note
-------+----------+-------------------------------------------
     0 | D:5      | Spectrina the Djinni Delver began the quest for the Orb.
     0 | D:5      | Reached XP level 1. HP: 20/20 MP: 0/0
    15 | D:5      | Noticed an iguana
    36 | D:5      | Noticed a necrophage
    57 | D:4      | Found Inadowk's Distillery.
    67 | D:4      | Noticed a scorpion
    75 | D:4      | HP: 1/20 [water moccasin skeleton (3)]
   170 | D:4      | Frozen to death by an endoplasm

Illustrated notes

Levels and vault maps discovered:
D:4:      layout_basic, nicolae_qazlal_general_emergency, serial_shops, shop
D:5:      minmay_octagon_keep, layout_basic, zin_purify,
          uniq_crazy_yiuf_cottage, uniq_blork_the_orc, uniq_sigmund

Action                   || total
-------------------------++-------
Melee: Unarmed           ||     3
  Use: Scroll            ||     1
       Potion            ||     1
Armor: Leather armour    ||     2
Dodge: Dodged            ||     4

Table legend: (Time is in decaauts)
 A = Elapsed time spent in this place.
 B = Non-inter-level travel time spent in this place.
 C = Inter-level travel time spent in this place.
 D = Time resting spent in this place.
 E = Time spent auto-exploring this place.
 F = Levels seen in this place.
 G = Mean time per level.
                   A        B        C        D        E       F      G
               +--------+--------+--------+--------+--------+-----+--------+
         Total |    157 |    157 |      0 |      0 |      0 |   2 |   78.5 |
       Dungeon |    157 |    157 |      0 |      0 |      0 |   2 |   78.5 |
               +--------+--------+--------+--------+--------+-----+--------+

Top non-repeatable levels by time:
     D:4: 100 daAuts
     D:5: 57 daAuts
